 Dungeon Crawl Stone Soup version 0.28-a0-683-ga8797d1ae1 (webtiles) character file.

Game seed: 746535624676725728

6269 lawman0 the Cleaver (level 10, -4/86 HPs)
             Began as a Hill Orc Gladiator on Oct 18, 2021.
             Was a Priest of Fedhas.
             Slain by a ten-headed hydra (11 damage)
             ... on level 1 of the Lair of Beasts.
             The game lasted 00:14:27 (11781 turns).

lawman0 the Cleaver (Hill Orc Gladiator)           Turns: 11781, Time: 00:14:28

Health: -4/86      AC: 18    Str: 20    XL:     10   Next: 94%
Magic:  0/14       EV:  7    Int:  8    God:    Fedhas [***...]
Gold:   381        SH:  0    Dex: 13    Spells: 9/9 levels left

rFire   . . .      SeeInvis .   a - +0 war axe
rCold   . . .      Faith    .   (no shield)
rNeg    + . .      Spirit   +   A - +0 plate armour
rPois   +          Reflect  .   c - +0 helmet
rElec   .          Harm     .   g - +0 cloak
rCorr   .          Rampage  .   (no gloves)
Will    .....                   b - +1 pair of boots
Stlth   ..........              s - amulet of guardian spirit
HPRegen 0.24/turn               w - ring of poison resistance
MPRegen 0.14/turn               C - ring of positive energy

@: about to teleport
A: no striking features
a: Renounce Religion, Wall of Briars, Grow Ballistomycete


You were on level 1 of the Lair of Beasts.
You worshipped Fedhas.
Fedhas was most pleased with you.
You visited 3 branches of the dungeon, and saw 10 of its levels.
You also visited: Ossuary.

You collected 609 gold pieces.
You spent 228 gold pieces at shops.

Inventory:

Hand Weapons
 a - a +0 war axe (weapon)
Missiles
 q - a boomerang of dispersal (quivered)
 y - a boomerang
 z - 14 poisoned darts
Armour
 b - a +1 pair of boots (worn)
 c - a +0 helmet (worn)
 g - a +0 cloak (worn)
 A - a +0 plate armour (worn)
Jewellery
 s - an amulet of guardian spirit (around neck)
 w - a ring of poison resistance (left hand)
 C - a ring of positive energy (right hand)
 F - a ring of willpower
Wands
 d - a wand of digging (7)
 h - a wand of iceblast (20)
 t - a wand of paralysis (2)
 G - a wand of polymorph (6)
Scrolls
 e - a scroll of fog
 i - a scroll of teleportation
 j - a scroll of silence
 l - 2 scrolls of amnesia
 n - 4 scrolls of enchant weapon {unknown}
 r - a scroll of immolation
 x - 2 scrolls of magic mapping
 E - a scroll of vulnerability {unknown}
Potions
 f - a potion of mutation {unknown}
 k - 2 potions of curing {unknown}
 m - 2 potions of resistance {unknown}
 o - 3 potions of brilliance
 p - a potion of might
 u - a potion of flight {unknown}
 v - a potion of experience {unknown}
 B - 3 potions of haste
 D - a potion of heal wounds {unknown}
 H - a potion of lignification


   Skills:
 + Level 7.4 Fighting
 + Level 14.6 Axes
 + Level 2.3 Throwing
 + Level 7.3 Armour
 + Level 4.2 Dodging
 + Level 2.2 Stealth
 * Level 6.6 Invocations
 + Level 1.4 Evocations


You had 9 spell levels left.
You didn't know any spells.
Your spell library contained the following spells:

 Spells                   Type           Power      Damage    Failure   Level
 Beastly Appendage        Tmut           0%         N/A       100%        1
 Sandblast                Erth           0%         2d4       100%        1
 Summon Small Mammal      Summ           0%         N/A       100%        1
 Passwall                 Tmut/Erth      0%         N/A       100%        2
 Sublimation of Blood     Necr           0%         N/A       100%        2
 Wereblood                Tmut           0%         N/A       100%        2
 Call Canine Familiar     Summ           0%         N/A       100%        3
 Portal Projectile        Hex/Tloc       0%         N/A       100%        3
 Spider Form              Tmut/Pois      0%         N/A       100%        3
 Stone Arrow              Conj/Erth      0%         3d7       100%        3
 Summon Guardian Golem    Hex/Summ       0%         N/A       100%        3
 Leda's Liquefaction      Hex/Erth       0%         N/A       100%        4
 Summon Cactus Giant      Summ           0%         N/A       100%        6
 Malign Gateway           Summ/Tloc      0%         N/A       100%        7
 Summon Hydra             Summ           0%         N/A       100%        7


Dungeon Overview and Level Annotations

Branches:
Dungeon (8/15)             Temple (1/1) D:4            Lair (1/6) D:8
Ossuary (visited)

Altars:
Ashenzari
Elyvilon
Fedhas
Gozag
Hepliaklqana
Kikubaaqudgha
Makhleb
Nemelex Xobeh
Qazlal
Uskayaw
Vehumet
Xom
Yredelemnul
The Shining One

Shops:
D:6 *

Annotations:
D:4 3 runed translucent doors, Dazliare's ghost, weakling FoMo; Demosthentine's ghost, amateur MfGl; Figureslego113's ghost, amateur DsMo
D:6 2 runed translucent doors, siradein's ghost, novice TrTm
Lair:1 Erica


Message History

The splash of acid hits the nine-headed hydra!
The acid corrodes the nine-headed hydra!
The nine-headed hydra bites your oklob plant!
The nine-headed hydra bites your oklob plant but does no damage.
The nine-headed hydra bites your oklob plant.
The nine-headed hydra bites your oklob plant! x3
The nine-headed hydra bites your oklob plant but does no damage.
The nine-headed hydra bites your oklob plant. x2
Your oklob plant is destroyed!
Your oklob plant disappears in a puff of smoke!
Unknown command.
Unknown command.
You slice one of the nine-headed hydra's heads off!
The eight-headed hydra grows two more!
You slash the ten-headed hydra!
The ten-headed hydra is almost dead.
Unknown command.
Unknown command.
The ten-headed hydra bites you!
* * * LOW HITPOINT WARNING * * *
The ten-headed hydra barely misses you.
The ten-headed hydra bites you but does no damage.
The ten-headed hydra completely misses you.
The ten-headed hydra bites you but does no damage.
The ten-headed hydra bites you.
* * * LOW HITPOINT WARNING * * *
The ten-headed hydra bites you.
* * * LOW HITPOINT WARNING * * *
The ten-headed hydra closely misses you.
The ten-headed hydra bites you!
* * * LOW HITPOINT WARNING * * *
The ten-headed hydra bites you.
* * * LOW HITPOINT WARNING * * *
Unknown command.
Unknown command.
As you read the scroll of teleportation, it crumbles to dust.
You feel strangely unstable. The ten-headed hydra bites you.
* * * LOW HITPOINT WARNING * * *
The ten-headed hydra bites you!
You die...
Fedhas appreciates your contribution to the ecosystem.

#...≈≈.......#P# #...##
#..............####.###
##.............#.#..#
.............#...#
................##
...............##
................##
#........#DPf....#
#......#@.#.....#
.....#..###....##
...#..###......# .##.#
#......## #.. #......#
..# #P.....# ..#
####...# #.. #####


You could see a ten-headed hydra (corroded, ally target) and a friendly
wandering mushroom (summoned).

Vanquished Creatures
  A two-headed ogre (D:8)
  A cane toad (Lair:1)
  An efreet (D:8)
  A troll (D:7)
  Prince Ribbit (D:7)
  4 yaks (D:8)
  A wyvern (D:8)
  3 water moccasins
  An acid dragon (D:8)
  A black bear (D:8)
  3 orc warriors
  3 necrophages
  5 ogres
  3 centaurs
  2 phantoms
  A kobold brigand (D:8)
  2 elf zombies (Ossuary)
  2 bullfrogs
  2 wyvern zombies (D:8)
  3 scorpions
  A water moccasin skeleton (D:7)
  7 wights
  A howler monkey (D:5)
  An electric eel (Lair:1)
  2 centaur zombies
  2 jellies
  A hound (D:6)
  6 human zombies
  6 orc priests
  A bullfrog skeleton (D:6)
  3 centaur skeletons
  3 orc wizards
  An iguana (D:6)
  A hound skeleton (D:5)
  3 mummies (Ossuary)
  2 howler monkey zombies
  A howler monkey skeleton (D:5)
  6 adders
  A shadow imp (D:6)
  A white imp (D:7)
  An adder zombie (Ossuary)
  A worm zombie (D:5)
  An adder skeleton (D:5)
  3 worms (D:2)
  2 dart slugs
  33 orcs
  16 endoplasms
  4 giant cockroaches
  A gnoll zombie (Ossuary)
  6 hobgoblins
  5 jackals
  4 quokkas
  9 ball pythons
  10 bats
  11 frilled lizards
  5 goblins
  7 goblin zombies (Ossuary)
  4 hobgoblin zombies (Ossuary)
  A jackal zombie (Ossuary)
  14 kobolds
  2 kobold zombies (Ossuary)
  An orc zombie (Ossuary)
  4 quokka zombies (Ossuary)
  7 rats
  3 rat zombies
246 creatures vanquished.

Vanquished Creatures (collateral kills)
  6 ballistomycete spores
6 creatures vanquished.

Vanquished Creatures (others)
  An orc wizard (D:8)
  3 fungi (D:8)
  3 plants
  4 withered plants (D:4)
11 creatures vanquished.

Grand Total: 263 creatures vanquished

Notes
Turn   | Place    | Note
-------+----------+-------------------------------------------
     0 | D:1      | lawman0 the Hill Orc Gladiator began the quest for the Orb.
     0 | D:1      | Reached XP level 1. HP: 18/18 MP: 1/1
   321 | D:1      | Reached XP level 2. HP: 25/25 MP: 2/2
   613 | D:1      | Reached skill level 5 in Axes
   656 | D:1      | Reached XP level 3. HP: 30/30 MP: 3/3
   791 | D:1      | Found a faded altar of an unknown god.
  1591 | D:2      | Reached skill level 1 in Armour
  1591 | D:2      | Reached XP level 4. HP: 20/37 MP: 4/4
  1921 | D:2      | Reached skill level 6 in Axes
  2678 | D:3      | Reached XP level 5. HP: 27/42 MP: 5/5
  3786 | D:4      | Noticed a phantom
  3803 | D:4      | Killed a phantom
  3804 | D:4      | Reached skill level 7 in Axes
  3804 | D:4      | Reached XP level 6. HP: 35/51 MP: 6/6
  3928 | D:4      | Found a staircase to the Ecumenical Temple.
  3950 | Temple   | Entered the Ecumenical Temple
  4017 | Temple   | Became a worshipper of Fedhas Madash
  4052 | D:4      | Reached skill level 8 in Axes
  4357 | D:4      | Found a runed translucent gate.
  4357 | D:4      | Found a runed translucent gate.
  4357 | D:4      | Found a runed translucent gate.
  4357 | D:4      | Noticed Figureslego113's ghost (amateur DsMo)
  4357 | D:4      | Noticed Demosthentine's ghost (amateur MfGl)
  4358 | D:4      | Noticed Dazliare's ghost (weakling FoMo)
  4418 | D:4      | Reached XP level 7. HP: 31/57 MP: 4/7
  4807 | D:5      | Entered Level 5 of the Dungeon
  4902 | D:5      | Reached * piety under Fedhas
  4903 | D:5      | Reached skill level 9 in Axes
  5012 | D:5      | Found a sand-covered staircase.
  5037 | Ossuary  | Entered an ossuary
  5292 | Ossuary  | Reached skill level 10 in Axes
  5384 | Ossuary  | Reached XP level 8. HP: 60/66 MP: 8/8
  5658 | Ossuary  | Reached ** piety under Fedhas
  5757 | Ossuary  | Reached skill level 11 in Axes
  6284 | D:5      | Reached skill level 12 in Axes
  6668 | D:6      | Reached skill level 1 in Invocations
  6759 | D:6      | Reached XP level 9. HP: 72/72 MP: 8/10
  6889 | D:6      | Found a sparkling altar of Nemelex Xobeh.
  7051 | D:6      | Found Ossup's Assorted Antiques.
  7435 | D:6      | Bought a crooked fluorescent wand for 120 gold pieces
  7435 | D:6      | Bought 2 smoky amethyst potions for 54 gold pieces
  7435 | D:6      | Bought a smoky amethyst potion for 27 gold pieces
  7435 | D:6      | Bought a smoky amethyst potion for 27 gold pieces
  7452 | D:6      | Found a basalt altar of Yredelemnul.
  7468 | D:6      | Reached skill level 5 in Fighting
  7751 | D:6      | Identified the +5 dagger of the Ancients {vorpal, Int+6}
  7770 | D:6      | Reached *** piety under Fedhas
  7881 | D:6      | Found a runed translucent door.
  7898 | D:6      | Reached skill level 5 in Armour
  8116 | D:6      | Noticed siradein's ghost (novice TrTm)
  8130 | D:6      | Found a runed translucent door.
  8191 | D:6      | Found a hazy altar of Hepliaklqana.
  8362 | D:7      | Reached skill level 13 in Axes
  8471 | D:7      | Noticed Prince Ribbit
  8488 | D:7      | Killed Prince Ribbit
  8623 | D:7      | Noticed a troll
  9161 | D:7      | Killed a troll
  9162 | D:7      | Reached skill level 1 in Stealth
  9270 | D:7      | Got Onobesim's Guide on Calling
  9416 | D:7      | Reached XP level 10. HP: 54/83 MP: 8/13
  9932 | D:8      | Reached skill level 5 in Invocations
  9932 | D:8      | Reached skill level 1 in Evocations
 10076 | D:8      | Paralysed by a wight for 4 turns
 10174 | D:8      | Reached **** piety under Fedhas
 10178 | D:8      | Reached skill level 14 in Axes
 10483 | D:8      | Noticed a two-headed ogre
 10491 | D:8      | Killed a two-headed ogre
 10883 | D:8      | Found a broken altar of Ashenzari.
 11407 | D:8      | Found a staircase to the Lair.
 11627 | Lair:1   | Entered Level 1 of the Lair of Beasts
 11639 | Lair:1   | Noticed a cane toad
 11646 | Lair:1   | Noticed Erica
 11713 | Lair:1   | Killed a cane toad
 11753 | Lair:1   | Noticed a seven-headed hydra
 11781 | Lair:1   | Slain by a ten-headed hydra

Illustrated notes

Levels and vault maps discovered:
D:1:      minmay_arrival_doors, layout_basic, dilly_ecumenical_altar_fadedgnrine
D:2:      layout_basic, minmay_joined_circles
D:3:      layout_loops_corners, minmay_between
D:4:      layout_basic, temple_fountains, gammafunk_ghost_cemetery,
          minmay_misc_feat_chi, grunt_decor_mini_mirrors, grunt_ministairs_15
D:5:      kennysheep_spiral_hall, layout_basic, enter_ossuary_3,
          minmay_crystal_room
D:6:      layout_loops_corners, mainiacjoe_overflow_chevrons,
          kennysheep_little_box, kennysheep_mini, ebering_ghost_sewer_f,
          serial_shops, shop
D:7:      layout_cave_pods, chequers_serial_rivers_micro_b, uniq_prince_ribbit1
D:8:      minmay_chambers_of_fours, layout_basic,
          mainiacjoe_overflow_tiny_flanked, david_lair_generic
Temple:   eino_temple_lava
Lair:1:   layout_cave_pods, basic_altar, grunt_megastairs_1,
          infiniplex_staircase_pool, uniq_erica

Skill      XL: |  1  2  3  4  5  6  7  8  9 10 |
---------------+-------------------------------+-----
Axes           | 5 6 7 8 10 12 13 14 | 14.6
Armour         | 1 2 3 4 5 7 |  7.3
Fighting       | 3 4 6 7 |  7.4
Dodging        | 3 4 |  4.2
Throwing       | 2 |  2.3
Invocations    | 1 4 6 |  6.6
Stealth        | 1 2 |  2.2
Evocations     | 1 |  1.4

Action                   |  1- 3 |  4- 6 |  7- 9 | 10-12 || total
-------------------------+-------+-------+-------+-------++-------
Melee: War axe           |   137 |   217 |   409 |   175 ||   938
Throw: Throwing net      |     2 |       |     7 |       ||     9
       Boomerang         |       |     8 |     3 |       ||    11
Invok: Grow Ballistomyce |       |       |       |     2 ||     2
       Overgrow          |       |       |       |     1 ||     1
Evoke: Wand              |       |       |     8 |     7 ||    15
  Use: Scroll            |       |     7 |     8 |     1 ||    16
       Potion            |       |     1 |     7 |       ||     8
 Stab: Held in net/web   |       |       |     2 |       ||     2
       Paralysed         |       |       |       |     8 ||     8
Armor: Leather armour    |    14 |       |       |       ||    14
       Ring mail         |    62 |   117 |    94 |       ||   273
       Plate armour      |       |       |    71 |    99 ||   170
       Skin              |       |       |    47 |       ||    47
Dodge: Dodged            |   111 |   152 |   158 |    47 ||   468

Table legend: (Time is in decaauts)
 A = Elapsed time spent in this place.
 B = Non-inter-level travel time spent in this place.
 C = Inter-level travel time spent in this place.
 D = Time resting spent in this place.
 E = Time spent auto-exploring this place.
 F = Levels seen in this place.
 G = Mean time per level.
                   A        B        C        D        E       F      G
               +--------+--------+--------+--------+--------+-----+--------+
         Total |  11795 |  11568 |    227 |   1230 |   8119 |  11 | 1072.3 |
       Dungeon |  10712 |  10493 |    219 |   1006 |   7580 |   8 | 1339.0 |
        Temple |     76 |     68 |      8 |      0 |      0 |   1 |   76.0 |
          Lair |    150 |    150 |      0 |      0 |     84 |   1 |  150.0 |
       Ossuary |    855 |    855 |      0 |    224 |    455 |   1 |  855.0 |
               +--------+--------+--------+--------+--------+-----+--------+

Top non-repeatable levels by time:
     D:8: 1849 daAuts
     D:6: 1616 daAuts
     D:7: 1451 daAuts
     D:2: 1434 daAuts
     D:3: 1231 daAuts
     D:1: 1105 daAuts
     D:4: 1038 daAuts
     D:5: 985 daAuts
 Ossuary: 855 daAuts
  Lair:1: 150 daAuts
  Temple: 76 daAuts
